 Dungeon Crawl Stone Soup version 0.26-a0-850-g97a50ab700 (webtiles) character file.

Game seed: 4256556193534388077

2609 dolemite99 the Grappler (level 9, -4/84 HPs)
             Began as a Troll Warper on Nov 21, 2020.
             Was a Believer of Kikubaaqudgha.
             Slain by a hornet (5 damage)
             ... while paralysed by a hornet
             ... on level 8 of the Dungeon.
             The game lasted 00:11:44 (7725 turns).

dolemite99 the Grappler (Troll Warper)              Turns: 7725, Time: 00:11:45

Health: -4/84      AC:  6    Str: 22    XL:     9   Next: 34%
Magic:  9/9        EV:  1    Int: 11    God:    Kikubaaqudgha [**....]
Gold:   79         SH:  0    Dex:  9    Spells: 3/10 levels left

rFire    + . .     SeeInvis .     - Unarmed
rCold    . . .     Faith    .   (no shield)
rNeg     . . .     Spirit   .   a - +0 robe
rPois    .         Reflect  .   (helmet restricted)
rElec    .         Harm     .   (no cloak)
rCorr    .         Rampage  .   (gloves unavailable)
MR       .....                  (boots unavailable)
Stlth    +.........             w - amulet of magic regeneration
HPRegen  0.64/turn              E - ring of protection from fire
MPRegen  0.36/turn              (no ring)

@: paralysed, slowed, lightly drained
A: large, unfitting armour, claws 3, regeneration 1, shaggy fur 1, tough skin 3
a: Receive Corpses, Renounce Religion


You were on level 8 of the Dungeon.
You worshipped Kikubaaqudgha.
Kikubaaqudgha was pleased with you.
You visited 2 branches of the dungeon, and saw 9 of its levels.

You collected 352 gold pieces.
You spent 273 gold pieces at shops.

Inventory:

Hand Weapons
 b - a +1 dagger of electrocution
 m - a +0 hunting sling
 p - a +0 dagger
Missiles
 e - 23 poisoned darts
 k - 163 stones
 v - 51 arrows
 y - 2 javelins (quivered)
 z - 3 boomerangs
 D - 3 boomerangs of dispersal
 H - a throwing net
Armour
 a - a +0 robe (worn)
 q - a +0 leather armour
Jewellery
 u - a cursed ring of teleportation
 w - an amulet of magic regeneration (around neck)
 E - a ring of protection from fire (left claw)
 F - a cursed ring of resist corrosion
Wands
 A - a wand of random effects (18)
 C - a wand of digging (5)
Scrolls
 c - 3 scrolls of blinking
 g - 3 scrolls of enchant armour
 h - 5 scrolls of remove curse {@r2}
 i - 2 scrolls of fog
 n - 9 scrolls of teleportation
 r - 3 scrolls of random uselessness
 B - a scroll of holy word
Potions
 d - a potion of resistance
 j - a potion of ambrosia
 o - a potion of curing
 s - 2 potions of cancellation
 t - a potion of lignification
 x - 3 potions of flight
 G - a potion of invisibility
 I - a potion of might


   Skills:
 - Level 4.1(3.8) Fighting
 - Level 0.8(0.5) Throwing
 - Level 1.9(1.5) Dodging
 - Level 10.1(9.7) Unarmed Combat
 - Level 1.2(0.9) Spellcasting
 + Level 5.2(4.9) Necromancy
 - Level 2.1(1.8) Translocations


You had 3 spell levels left.
You knew the following spells:

 Your Spells              Type           Power        Failure   Level
b - Teleport Other        Tloc           #.......     41%         3
c - Corpse Rot            Necr/Air       N/A          19%         2
z - Blink                 Tloc           N/A          22%         2

Your spell library contained the following spells:

 Spells                   Type           Power        Failure   Level
 Pain                     Necr           ##..         4%          1
 Sublimation of Blood     Necr           ##........   7%          2
 Vampiric Draining        Necr           ##........   13%         3
 Gell's Gravitas          Tloc           #.........   41%         3
 Lesser Beckoning         Tloc           #.........   41%         3
 Passage of Golubria      Tloc           N/A          83%         4


Dungeon Overview and Level Annotations

Branches:
Dungeon (8/15)             Temple (1/1) D:5
   Lair: D:8-11

Altars:
Cheibriados
Dithmenos
Fedhas
Gozag
Kikubaaqudgha
Makhleb
Nemelex Xobeh
Okawaru
Qazlal
Sif Muna
Trog
Vehumet
Wu Jian
Yredelemnul
Zin

Shops:
D:5 :   D:6 ?

Annotations:
D:2 1 exclusion
D:3 Grinder
D:4 1 runed translucent door, Rennog's ghost, amateur MiFi
D:6 3 runed translucent doors, ziggurnaut's ghost, novice TeAE


Innate Abilities, Weirdness & Mutations

You are too large for most types of armour.
You have claws for hands.
Your natural rate of healing is unusually fast.
You are covered in fur. (AC +1)
You have extremely tough skin. (AC +3)


Message History

Okay, then.
You feel much better. The hornet closely misses you.
The iguana completely misses you. The hornet stings you.
You feel as though you will be slow longer.
The iguana bites you. The hornet stings you!
You feel as though you will be slow longer.
You barely miss the hornet.
The hornet is heavily wounded.
The hornet stings you!
* * * LOW HITPOINT WARNING * * *
You suddenly lose the ability to move!
The iguana bites you!
* * * LOW HITPOINT WARNING * * *
The hornet stings you.
* * * LOW HITPOINT WARNING * * *
You feel as though you will be slow longer.
The iguana bites you.
* * * LOW HITPOINT WARNING * * *
The hornet stings you.
You die...
Kikubaaqudgha rasps: "You have failed me!
Welcome... death!"

#. ##...### #.
.##....### .#
..#......## #.#
..........## #.#.
...........###...
............#...##
..............#.@#####.#
##...........###yl..$...
#...†.......## #..#...#.
............# #..# .##
............# ##.## #
...........## #..# .
...#.......# ##..#.#
..###......###.....# ..#
#..####........#


You could see a hornet and an iguana.

Vanquished Creatures
  A steam dragon (D:7)
  A water moccasin (D:7)
  An ice beast (D:5)
  An orc warrior (D:7)
  A sky beast (D:7)
  3 ogres
  5 bullfrogs
  2 wyvern skeletons (D:6)
  2 scorpions
  5 wights (D:7)
  A howler monkey (D:6)
  A bullfrog zombie (D:6)
  3 orc priests
  A hound (D:7)
  A bullfrog skeleton (D:5)
  A jelly (D:2)
  9 orc wizards
  Jessica (D:2)
  Natasha (thrice) (D:2)
  3 iguanas
  4 worker ants
  A hound zombie (D:7)
  Robin (D:2)
  14 adders
  2 shadow imps
  A white imp (D:6)
  3 ufetubi
  An ooze (D:6)
  4 worms
  A dart slug (D:2)
  2 leopard geckos
  28 orcs
  4 ball pythons
  9 giant cockroaches
  16 goblins
  8 hobgoblins
  4 jackals (D:6)
  4 quokkas
  9 bats
  5 frilled lizards (D:2)
  A jackal zombie (D:6)
  3 kobolds (D:2)
  A leopard gecko zombie (D:5)
  A quokka skeleton (D:4)
  14 rats
187 creatures vanquished.

Vanquished Creatures (others)
  10 plants (D:1)
10 creatures vanquished.

Grand Total: 197 creatures vanquished

Notes
Turn   | Place    | Note
-------+----------+-------------------------------------------
     0 | D:1      | dolemite99 the Troll Warper began the quest for the Orb.
     0 | D:1      | Reached XP level 1. HP: 19/19 MP: 1/1
   170 | D:1      | Reached XP level 2. HP: 27/27 MP: 2/2
   568 | D:2      | Found a stormy altar of Qazlal.
   582 | D:2      | Reached skill level 3 in Unarmed Combat
   697 | D:2      | Reached XP level 3. HP: 28/33 MP: 3/3
   716 | D:2      | Reached skill level 4 in Unarmed Combat
   757 | D:2      | Noticed Natasha
   763 | D:2      | Killed Natasha
   764 | D:2      | Reached XP level 4. HP: 41/41 MP: 4/4
   844 | D:2      | Identified the +0 helmet of Rotten Contentment {Rampage rF+
                  | rC+}
   844 | D:2      | Noticed Robin
   863 | D:2      | Killed Robin
   922 | D:2      | Reached skill level 5 in Unarmed Combat
  1010 | D:2      | Noticed Jessica
  1017 | D:2      | Killed Jessica
  1018 | D:2      | Reached XP level 5. HP: 45/48 MP: 5/5
  1037 | D:2      | Found a shadowy altar of Dithmenos.
  1218 | D:2      | Noticed Natasha
  1228 | D:2      | Killed Natasha
  1330 | D:2      | Noticed Natasha
  1340 | D:2      | Killed Natasha
  1341 | D:2      | Reached skill level 6 in Unarmed Combat
  1680 | D:3      | Noticed Grinder
  2321 | D:4      | Found a runed translucent door.
  2321 | D:4      | Noticed Rennog's ghost (amateur MiFi)
  2401 | D:4      | Reached XP level 6. HP: 55/55 MP: 6/6
  3035 | D:4      | Found a shimmering blue altar of Sif Muna.
  3035 | D:4      | Found an ancient bone altar of Kikubaaqudgha.
  3426 | D:4      | Reached XP level 7. HP: 66/67 MP: 7/7
  3671 | D:4      | Became a worshipper of Kikubaaqudgha
  3743 | D:5      | Entered Level 5 of the Dungeon
  3905 | D:5      | Reached skill level 7 in Unarmed Combat
  3960 | D:5      | Found a staircase to the Ecumenical Temple.
  3972 | Temple   | Entered the Ecumenical Temple
  4015 | D:5      | Found Ylasuinila's Book Boutique.
  4484 | D:5      | Noticed a moth of wrath
  4486 | D:5      | Found a bloodstained altar of Trog.
  4633 | D:5      | Reached skill level 8 in Unarmed Combat
  4912 | D:6      | Reached * piety under Kikubaaqudgha
  4912 | D:6      | Identified Kikubaaqudgha's Tome of Dark Rites
                  | (Kikubaaqudgha gifted it to you on level 6 of the Dungeon)
  4912 | D:6      | Received a gift from Kikubaaqudgha
  4913 | D:6      | Reached XP level 8. HP: 23/78 MP: 8/8
  4954 | D:6      | Learned a level 2 spell: Blink
  4958 | D:6      | Learned a level 3 spell: Teleport Other
  4961 | D:6      | Learned a level 2 spell: Corpse Rot
  5239 | D:6      | Reached skill level 9 in Unarmed Combat
  5326 | D:6      | Noticed ziggurnaut's ghost (novice TeAE)
  5396 | D:6      | Found a runed translucent gate.
  5396 | D:6      | Found a runed translucent gate.
  5397 | D:6      | Found a runed translucent gate.
  5547 | D:6      | Found Ifinuph's Magic Scroll Boutique.
  5644 | D:6      | Bought a scroll of identify for 28 gold pieces
  5644 | D:6      | Bought a scroll of identify for 28 gold pieces
  5644 | D:6      | Bought a scroll of identify for 28 gold pieces
  5644 | D:6      | Bought a scroll of teleportation for 42 gold pieces
  5644 | D:6      | Bought a scroll of remove curse for 42 gold pieces
  5644 | D:6      | Bought a scroll of blinking for 105 gold pieces
  5744 | D:6      | Found a faded altar of an unknown god.
  5744 | D:6      | Found a sparkling altar of Nemelex Xobeh.
  5749 | D:6      | Found a basalt altar of Yredelemnul.
  5751 | D:6      | Found a blossoming altar of Fedhas.
  5771 | D:6      | Found an ornate altar of the Wu Jian Council.
  5922 | D:6      | Found a glowing silver altar of Zin.
  6235 | D:6      | Reached skill level 10 in Unarmed Combat
  6361 | D:7      | Reached skill level 1 in Necromancy
  6547 | D:7      | Reached XP level 9. HP: 84/84 MP: 9/9
  6548 | D:7      | Reached ** piety under Kikubaaqudgha
  7218 | D:7      | Reached skill level 5 in Necromancy
  7713 | D:8      | Paralysed by a hornet for 1 turns
  7724 | D:8      | Paralysed by a hornet for 3 turns
  7724 | D:8      | HP: 4/84 [hornet (3)]
  7725 | D:8      | HP: 1/84 [iguana (3)]
  7725 | D:8      | Slain by a hornet

Illustrated notes

Levels and vault maps discovered:
D:1:      roderic_crop_circles_arrival_small, layout_rooms
D:2:      layout_loops_ring, nicolae_qazlal_eye_of_the_storm,
          grunt_dithmenos_smoke, serial_glass, glass_columns_c, glass_columns_b,
          glass_columns_c, glass_columns_b, glass_columns_b, glass_columns_a,
          glass_columns_b, glass_columns_b, glass_columns_b, glass_columns_a,
          uniq_jessica, uniq_natasha, uniq_robin
D:3:      layout_rooms, uniq_grinder
D:4:      layout_basic, gammafunk_temple_overflow_pools,
          ebering_ghost_inner_flame
D:5:      layout_loops_ring, tgw_trog, minmay_temple_entry_glassed_door,
          serial_shops, shop_fountains
D:6:      layout_layer_cave, chequers_temple_overflow_minitemple,
          nicolae_overflow_crystal_walls, gammafunk_ghost_split,
          columned_hall_lemuel, kennysheep_small_square
D:7:      layout_loops_ring, palyth_stone_intersect
D:8:      minmay_bloctagon_deflated, layout_layer_cave, grunt_ministairs_2
Temple:   jpeg_temple_clearing

Skill      XL: |  1  2  3  4  5  6  7  8  9 |
---------------+----------------------------+-----
Unarmed Combat | 3 4 5 6 8 10 | 10.1
Fighting       | 3 4 |  4.1
Necromancy     | 3 5 |  5.2
Throwing       | |  0.8
Dodging        | |  1.9
Spellcasting   | |  1.2
Translocations | |  2.1

Action                   |  1- 3 |  4- 6 |  7- 9 || total
-------------------------+-------+-------+-------++-------
Melee: Unarmed           |    54 |   168 |   203 ||   425
       Dagger            |       |    12 |       ||    12
       Punch             |       |     6 |     4 ||    10
Throw: Dart              |    37 |    33 |    11 ||    81
       Boomerang         |     5 |       |       ||     5
       Javelin           |       |       |    68 ||    68
Evoke: Wand              |       |       |     1 ||     1
  Use: Scroll            |       |       |    17 ||    17
       Potion            |       |       |     7 ||     7
Armor: Robe              |    16 |    96 |    42 ||   154
Dodge: Dodged            |    31 |   127 |    86 ||   244

Table legend: (Time is in decaauts)
 A = Elapsed time spent in this place.
 B = Non-inter-level travel time spent in this place.
 C = Inter-level travel time spent in this place.
 D = Time resting spent in this place.
 E = Time spent auto-exploring this place.
 F = Levels seen in this place.
 G = Mean time per level.
                   A        B        C        D        E       F      G
               +--------+--------+--------+--------+--------+-----+--------+
         Total |   7743 |   7427 |    316 |   2006 |   3735 |   9 |  860.3 |
       Dungeon |   7705 |   7393 |    312 |   2006 |   3702 |   8 |  963.1 |
        Temple |     37 |     33 |      4 |      0 |     33 |   1 |   37.0 |
               +--------+--------+--------+--------+--------+-----+--------+

Top non-repeatable levels by time:
     D:2: 1885 daAuts
     D:6: 1819 daAuts
     D:5: 1105 daAuts
     D:4: 1075 daAuts
     D:7: 866 daAuts
     D:1: 504 daAuts
     D:3: 283 daAuts
     D:8: 166 daAuts
  Temple: 37 daAuts
